 Dungeon Crawl Stone Soup version 0.16.0-17-g811c1d7 (webtiles) character file.

3429 Chiseanne the Thaumaturge (level 9, -8/64 HPs)
             Began as a Demonspawn Wanderer on Mar 20, 2015.
             Was a Believer of Sif Muna.
             Killed from afar by Psyche (20 damage)
             ... with a wand of lightning
             ... on level 8 of the Dungeon.
             The game lasted 00:42:36 (11745 turns).

Chiseanne the Thaumaturge (Demonspawn Wanderer)    Turns: 11745, Time: 00:42:37

Health: -8/64      AC:  7    Str: 13    XL:     9   Next: 76%
Magic:  29/36      EV: 10    Int: 16    God:    Sif Muna [**....]
Gold:   402        SH:  0    Dex: 13    Spells: 7 memorised, 6 levels left

rFire  . . .     SeeInvis .     s - +4 quarterstaff (chaos)
rCold  . . .     Clarity  +     m - +0 leather armour
rNeg   . . .     SustAb   .     (no shield)
rPois  +         Gourm    .     (helmet restricted)
rElec  .         Spirit   .     x - +1 cloak
rCorr  .         Warding  .     z - +1 pair of gloves {archery}
rMut   .         Stasis   .     (no boots)
MR     .....                    b - amulet of clarity
Stlth  +.........               (no ring)
                                y - ring of magical power

@: not resistant to hostile enchantments, very unstealthy
A: antennae 2, claws 2, talons 1, poison resistance
a: Channel Energy, Forget Spell, Renounce Religion


You were on level 8 of the Dungeon.
You worshipped Sif Muna.
Sif Muna was pleased with you.
You were not hungry.

You visited 2 branches of the dungeon, and saw 9 of its levels.
You also visited: Sewer and Ossuary.

You collected 402 gold pieces.

Inventory:

Hand weapons
 a - a +1 dagger of venom
 d - a +0 vampiric hand axe
 s - a +4 quarterstaff of chaos (weapon)
Missiles
 h - 2 needles of confusion
 o - 2 javelins
 r - 80 poisoned needles
 v - 9 tomahawks (quivered)
Armour
 m - a +0 leather armour (worn)
 x - a +1 cloak (worn)
 z - a +1 pair of gloves of archery (worn)
Jewellery
 b - an amulet of clarity (around neck)
 i - an uncursed amulet of guardian spirit
 y - a ring of magical power (left hand)
Magical devices
 L - a wand of draining (1)
 M - a wand of cold (12)
Scrolls
 j - a scroll of blinking
 l - a scroll of recharging
 q - 6 scrolls of amnesia
 u - 4 scrolls of remove curse
 A - 4 scrolls of teleportation
 D - 3 scrolls of fog
 E - 2 scrolls of enchant armour
 H - 3 scrolls of magic mapping
 N - a scroll of identify
Potions
 e - 2 potions of agility {unknown}
 n - a potion of cure mutation {unknown}
 p - 6 potions of curing
 t - 3 potions of haste
 w - 2 potions of restore abilities {unknown}
 B - 3 potions of magic
 C - 3 potions of might {unknown}
 F - 3 potions of brilliance {unknown}
 I - a potion of cancellation {unknown}
Books
 c - the Compendium of Poisoning

   Spells                             Type                      Level
   a - Sting                          Conjuration/Poison           1
   b - Spider Form                    Transmutation/Poison         3
 k - a book of Callings

   Spells                             Type                      Level
   a - Summon Small Mammal            Summoning                    1
   b - Call Imp                       Summoning                    2
   c - Call Canine Familiar           Summoning                    3
   d - Summon Guardian Golem          Hexes/Summoning              4
   e - Summon Lightning Spire         Summoning/Air                4
   f - Summon Ice Beast               Ice/Summoning                4
 K - a book of Clouds

   Spells                             Type                      Level
   a - Mephitic Cloud                 Conjuration/Poison/Air       3
   b - Conjure Flame                  Conjuration/Fire             3
   c - Poisonous Cloud                Conjuration/Poison/Air       6
   d - Freezing Cloud                 Conjuration/Ice/Air          6
   e - Ring of Flames                 Charms/Fire                  7
Comestibles
 f - 6 bread rations
 g - 4 meat rations
 G - a chunk of flesh
 J - 2 beef jerkies


   Skills:
 - Level 3.6 Fighting
   Level 1.0 Shields
 - Level 2.6 Unarmed Combat
 * Level 9.5 Spellcasting
 * Level 9.5 Summonings
   Level 1.0 Fire Magic
 - Level 1.0 Evocations


You had 6 spell levels left.
You knew the following spells:

 Your Spells              Type           Power        Failure   Level  Hunger
a - Summon Small Mammal   Summ           ####         1%          1    None
b - Call Imp              Summ           #####...     1%          2    None
c - Call Canine Familiar  Summ           #####...     1%          3    None
d - Summon Guardian Gole  Hex/Summ       ###.....     17%         4    ###....
e - Summon Lightning Spi  Summ/Air       ###.....     17%         4    ###....
f - Summon Ice Beast      Ice/Summ       ###.....     17%         4    ###....
g - Spider Form           Trmt/Pois      #.........   41%         3    None


Dungeon Overview and Level Annotations

Branches:
Dungeon (8/15)             Temple (1/1) D:6            Lair (0/8) D:8

Altars:
Ashenzari
Cheibriados
Dithmenos
Elyvilon
Fedhas
Gozag
Kikubaaqudgha
Makhleb
Nemelex Xobeh
Okawaru
Qazlal
Ru
Sif Muna
Trog
Vehumet
Xom
Yredelemnul
Zin
The Shining One

Annotations:
D:7 exclusion: downstairs
D:8 Psyche


Innate Abilities, Weirdness & Mutations

You have a pair of antennae on your head.
You have very sharp fingernails.
You have sharp toenails.
Your system is resistant to poisons.


Message History

The bolt of lightning hits you!
* * * LOW HITPOINT WARNING * * *
It is a wand of lightning.
Found a potion of magic.
Casting: Call Canine Familiar
Confirm with . or Enter, or press ? or * to list all spells.
Aiming: Summon Lightning Spire
Press: ? - help, Dir - move target cursor An electric hum fills the air.
Casting: Summon Lightning Spire
Confirm with . or Enter, or press ? or * to list all spells.
A guardian golem appears, shielding your allies.
Your lightning spire shoots out a bolt of lightning at Psyche!
The bolt of electricity hits Psyche.
Psyche completely misses your lightning spire.
Psyche zaps a wand.
The bolt of lightning hits your lightning spire.
Your lightning spire resists.
The bolt of lightning hits you!
You die...

##### #### #.#.#
...###########.#.###
##.....)[..........#
##.###########.########
...........>..[........
##############.########
...........# #..@.#
......#....# ####.#
......#....######.#
..................8.!...@.
..................8@.##.#
.≈≈≈≈....)...≈.....###
.≈≈≈≈.......≈≈......
≈≈≈≈≈...(..≈≈≈.......
≈≈≈≈.......≈≈≈.....##


You could see Psyche, a friendly guardian golem and a friendly lightning spire.

Vanquished Creatures
  A troll (D:8)
  Eustachio (D:8)
  A hungry ghost (D:7)
  4 porcupines (D:8)
  An ice beast (D:5)
  3 sky beasts
  2 centaurs
  2 giant frogs (D:6)
  A scorpion (D:6)
  3 wights (D:6)
  A goliath beetle (D:6)
  2 human zombies (Ossuary)
  4 crimson imps
  2 centaur skeletons
  A giant frog zombie (D:8)
  An orc priest (D:7)
  5 hounds
  2 iguanas
  2 orc wizards (D:8)
  5 worker ants
  3 big kobold zombies (Ossuary)
  Terence (D:2)
  A mummy (Ossuary)
  7 gnolls
  A river rat (D:8)
  9 adders
  2 shadow imps (D:8)
  A worm (D:3)
  A giant mite (D:4)
  An adder zombie (Ossuary)
  An adder skeleton (D:8)
  3 giant geckos
  10 orcs
  13 bats
  6 giant cockroaches
  8 goblins
  A goblin (shapeshifter) (Sewer)
  8 hobgoblins
  8 jackals
  10 kobolds
  5 quokkas
  A ball python (Sewer)
  A giant gecko skeleton (D:7)
  9 giant newts
  A goblin zombie (Ossuary)
  3 hobgoblin zombies (Ossuary)
  3 kobold zombies (Ossuary)
  2 orc zombies
  A quokka skeleton (D:5)
  A quokka zombie (D:7)
  10 rats
  A rat zombie (Ossuary)
  13 plants (Sewer)
190 creatures vanquished.

Vanquished Creatures (collateral kills)
  3 sky beasts (D:6)
  A centaur (D:7)
  An ogre (D:8)
  A phantom (D:6)
  An ice beast (D:8)
  An orc warrior (D:8)
  A giant frog (D:8)
  A wyvern skeleton (D:8)
  2 scorpions
  A wight (D:6)
  An electric eel (D:8)
  A goliath beetle (D:6)
  A hound (D:8)
  A crimson imp (D:5)
  3 orc priests
  Crazy Yiuf (D:2)
  An orc wizard (D:8)
  2 worker ants
  A giant frog skeleton (D:4)
  An iguana (D:5)
  Ijyb (D:7)
  A mummy (Ossuary)
  10 gnolls
  2 adders (D:4)
  A river rat (D:8)
  A white imp (D:8)
  An adder zombie (Ossuary)
  10 orcs
  A giant cockroach (D:4)
  2 hobgoblins
  A jackal (Sewer)
  4 kobolds
  2 quokkas
  A ball python (Sewer)
  8 bats
  A giant gecko zombie (D:7)
  2 goblins (D:6)
  4 hobgoblin zombies (Ossuary)
  A jackal zombie (Ossuary)
  9 kobold zombies (Ossuary)
  7 orc zombies (Ossuary)
  6 rats
102 creatures vanquished.

Vanquished Creatures (others)
  A guardian golem (D:8)
  2 crimson imps
  16 hounds
  A lightning spire (D:8)
  9 white imps
  8 bats
  21 quokkas
  10 rats
68 creatures vanquished.

Grand Total: 360 creatures vanquished

Notes
Turn   | Place    | Note
--------------------------------------------------------------
     0 | D:1      | Chiseanne, the Demonspawn Wanderer, began the quest for the Orb.
     0 | D:1      | Chiseanne set off with: a book of Callings, the Guide on Ice, the Compendium of Poisoning, a +0 robe, a +0 club, a bread ration
     0 | D:1      | Reached XP level 1. HP: 13/13 MP: 4/4
     2 | D:1      | Identified the Guide on Ice
     2 | D:1      | Identified the Compendium of Poisoning
     4 | D:1      | Learned a level 1 spell: Summon Small Mammal
   804 | D:1      | Gained mutation: You have a pair of small antennae on your head. [demonic ancestry]
   804 | D:1      | Reached XP level 2. HP: 14/19 MP: 4/6
  1218 | D:2      | Found a sacrificial altar of Ru.
  1306 | D:2      | Noticed Terence
  1311 | D:2      | Killed Terence
  1311 | D:2      | Gained mutation: You have sharp fingernails. [demonic ancestry]
  1311 | D:2      | Reached XP level 3. HP: 24/24 MP: 8/8
  1400 | D:2      | Learned a level 3 spell: Call Canine Familiar
  1403 | D:2      | Learned a level 2 spell: Call Imp
  1644 | D:2      | Noticed Crazy Yiuf
  1671 | D:2      | Killed Crazy Yiuf
  1671 | D:2      | Gained mutation: You have a pair of antennae on your head. [demonic ancestry]
  1671 | D:2      | Reached XP level 4. HP: 12/31 MP: 1/11
  2691 | D:3      | Reached skill level 1 in Fighting
  2691 | D:3      | Gained mutation: You have sharp toenails. [demonic ancestry]
  2691 | D:3      | Reached XP level 5. HP: 21/37 MP: 10/14
  3060 | D:3      | Reached skill level 5 in Spellcasting
  4418 | D:3      | Found a shimmering altar of Xom.
  4456 | D:3      | Reached skill level 1 in Unarmed Combat
  4589 | D:4      | Learned a level 4 spell: Summon Guardian Golem
  4594 | D:4      | Learned a level 4 spell: Summon Lightning Spire
  4767 | D:4      | Reached XP level 6. HP: 33/43 MP: 17/17
  4778 | D:4      | Found a glowing drain.
  4786 | D:4      | Reached skill level 5 in Summonings
  4796 | Sewer    | Entered a sewer
  6003 | D:5      | Entered Level 5 of the Dungeon
  6070 | D:5      | Found a sand-covered staircase.
  6075 | Ossuary  | Entered an ossuary
  6388 | Ossuary  | Reached XP level 7. HP: 18/49 MP: 16/19
  7051 | D:5      | Reached skill level 6 in Summonings
  8253 | D:6      | Gained mutation: You have very sharp fingernails. [demonic ancestry]
  8253 | D:6      | Reached XP level 8. HP: 50/57 MP: 22/22
  8270 | D:6      | Reached skill level 7 in Spellcasting
  8640 | D:6      | Found a glowing golden altar of the Shining One.
  8640 | D:6      | Found an ancient bone altar of Kikubaaqudgha.
  8641 | D:6      | Found a sparkling altar of Nemelex Xobeh.
  8800 | D:6      | Found a snail-covered altar of Cheibriados.
  8816 | D:6      | Found a shadowy altar of Dithmenos.
  8861 | D:6      | Found a staircase to the Ecumenical Temple.
  8990 | D:6      | Gained mutation: Your system is resistant to poisons. [mutagenic meat]
  9005 | Temple   | Entered the Ecumenical Temple
  9062 | Temple   | Became a worshipper of Sif Muna the Loreminder
  9368 | D:6      | Found a blossoming altar of Fedhas.
  9458 | D:7      | Noticed Ijyb
  9470 | D:7      | Killed Ijyb
  9482 | D:7      | Learned a level 4 spell: Summon Ice Beast
  9486 | D:7      | Learned a level 3 spell: Spider Form
  9550 | D:7      | Reached skill level 8 in Spellcasting
  9550 | D:7      | Reached XP level 9. HP: 61/64 MP: 25/25
 10443 | D:8      | Acquired Sif Muna's first power
 11007 | D:8      | Reached skill level 9 in Spellcasting
 11014 | D:8      | Found a staircase to the Lair.
 11068 | D:8      | Acquired Sif Muna's second power
 11622 | D:8      | Noticed Eustachio
 11642 | D:8      | Killed Eustachio
 11740 | D:8      | Noticed Psyche
 11745 | D:8      | Killed from afar by Psyche

Action                   |  1- 3 |  4- 6 |  7- 9 || total
-------------------------+-------+-------+-------++-------
Melee: Dagger            |    66 |   144 |       ||   210
       Club              |     4 |       |       ||     4
       Quarterstaff      |       |   224 |   189 ||   413
Throw: Tomahawk          |     1 |       |       ||     1
 Cast: Summon Small Mamm |    15 |    50 |    39 ||   104
       Call Canine Famil |       |    24 |    33 ||    57
       Call Imp          |       |    33 |    76 ||   109
       Summon Lightning  |       |       |     5 ||     5
       Summon Guardian G |       |       |     5 ||     5
  Use: Scroll            |     4 |    10 |     6 ||    20
       Potion            |       |     2 |     3 ||     5
 Stab: Distracted        |       |       |     1 ||     1
       Sleeping          |       |       |     1 ||     1
  Eat: Chunk             |     2 |    15 |     9 ||    26
       Pizza             |       |     1 |       ||     1
       Fruit             |       |     2 |     6 ||     8
       Beef jerky        |       |       |     2 ||     2
       Bread ration      |       |       |     1 ||     1
